 Dungeon Crawl Stone Soup version 0.29-a0-1047-g7c58e119a4 (webtiles) character file.

Game seed: 14330529943932110947

42 Sobieck the Shield-Bearer (level 3, -2/19 HPs)
             Began as a Vine Stalker Fighter on Aug 16, 2022.
             Slain by a hobgoblin
             ... wielding the +4 trident "Aserepong" {freeze, rPois}
              (5 damage)
             ... on level 2 of the Dungeon.
             The game lasted 00:03:18 (2129 turns).

Sobieck the Shield-Bearer (Vine Stalker Fighter)    Turns: 2129, Time: 00:03:18

Health: -2/19      AC:  7    Str: 18    XL:     3   Next: 56%
Magic:  0/4        EV:  9    Int:  8    God:
Gold:   78         SH:  5    Dex: 15    Spells: 2/2 levels left

rFire   . . .      SeeInvis .   a - +0 rapier {short}
rCold   . . .      Faith    .   c - +0 buckler
rNeg    . . .      Spirit   +   m - +0 scale mail
rPois   .          Reflect  .   (no helmet)
rElec   .          Harm     .   u - +0 cloak
rCorr   .          Rampage  .   (no gloves)
Will    .....                   (no boots)
Stlth   ..........              (no amulet)
HPRegen 0.06/turn               (no ring)
MPRegen 0.09/turn               (no ring)

@: no status effects
A: fangs 2, magic shield, antimagic bite, no potion heal 2
a: no special abilities


You were on level 2 of the Dungeon.
You visited 1 branch of the dungeon, and saw 2 of its levels.

You collected 78 gold pieces.


Innate Abilities, Weirdness & Mutations

You have extremely sharp teeth.
When hurt, damage is shared between your health and your magic reserves.
Your bite disrupts and absorbs the magic of your enemies.
Potions cannot restore your health.


   Skills:
 + Level 2.8 Fighting
 * Level 2.3 Short Blades
 + Level 0.3 Throwing
 + Level 2.5 Armour
 + Level 0.8 Dodging
 + Level 1.1 Stealth
 + Level 3.0 Shields


You had 2 spell levels left.
You didn't know any spells.
Your spell library was empty.

Inventory:

Hand Weapons
 a - a +0 rapier (weapon) {short}
 b - a +0 sling
   (You found it on level 1 of the Dungeon)
 q - a +0 dagger of draining {short}
   (You took it off a goblin on level 1 of the Dungeon)
Missiles
 e - 18 stones (quivered) {throwing}
Armour
 c - a +0 buckler (worn)
 m - a +0 scale mail (worn)
 r - a +0 robe
   (You found it on level 1 of the Dungeon)
 s - a +0 scale mail
   (You found it on level 1 of the Dungeon)
 u - a +0 cloak (worn)
   (You found it on level 1 of the Dungeon)
Magical Staves
 k - a staff of cold {!astaff}
   (You found it on level 1 of the Dungeon)
Jewellery
 h - a ring of ice
   (You found it on level 1 of the Dungeon)
Scrolls
 g - a scroll of enchant armour {unknown}
 i - a scroll of noise {unknown}
 l - 6 scrolls of identify {unknown}
 p - a scroll of immolation {unknown}
 t - a scroll of fog {unknown}
 v - a scroll of vulnerability {unknown}
Potions
 d - a potion of might
 f - a potion of cancellation {unknown}
 j - a potion of heal wounds {unknown}
 n - a potion of curing {unknown}
 o - a potion of berserk rage {unknown}

Dungeon Overview and Level Annotations

Branches:
Dungeon (2/15) Zot: 9860

Altars:

######'###.#####.#.#.##.
'.......................
########.#.#####.#.#######
.....###.#.....#.#.#......
..........................
......##.#..##.#.#.#.####.#
..⌠..###.#..##.#.#........#
.....###.#..##.#.###+######
.....#...#...#..@g.....#
####.#.###.#.###.#.....#
...........#.# #.# .....
.###.......#.# ..# ....
...#.#####.... ..# ...
...#.......#.#...# ..
...#..####.# ###.# #
.#.#..### #.. .#.##...#


You could see a hobgoblin.


Message History

You kill the giant cockroach!
No target in view!
b - a +0 sling (weapon)
v - a scroll labelled ZUFIOC NAAF You now have 61 gold pieces (gained 13).
l - 4 scrolls labelled RAAMEA WANUSK (gained 1)
Found a stone staircase leading up.
Unknown command.
You open the door.
There is an open door here.
A worm comes into view.
Danger!
You shoot a sling bullet. The sling bullet hits the worm.
You shoot a sling bullet. The sling bullet hits the worm.
You sense an unholy aura.
a - a +0 dagger of draining (weapon)
{short} You hit the worm but do no damage.
You drain the worm. The worm bites you!
You are too injured to fight recklessly!
You are too injured to fight recklessly!
You barely miss the worm. Your bite misses the worm. You hit the worm.
You drain the worm. You block the worm's attack.
You barely miss the worm. You block the worm's attack.
You barely miss the worm. Your bite misses the worm. You barely miss the worm.
You bite the worm. You drain its power.
You feel invigorated. The worm bites you but does no damage.
You barely miss the worm. You bite the worm. You drain its power.
You hit the worm but do no damage. The worm barely misses you.
You hit the worm. You bite the worm. You drain its power. You hit the worm.
You drain the worm.
You kill the worm!
You see here a worm corpse.
b - a +0 sling (weapon)
You now have 68 gold pieces (gained 7).
l - 5 scrolls labelled RAAMEA WANUSK (gained 1)
Found a stone staircase leading down.
Unknown command.
You open the door.
There is an open door here.
You open the door.
There is an open door here.
You open the door.
There is an open door here.
l - 6 scrolls labelled RAAMEA WANUSK (gained 1)
There is an open door here.
You open the door.
An endoplasm comes into view.
The endoplasm quivers.
The endoplasm moves out of view.
There is an open door here.
Danger!
You shoot a sling bullet.
The sling bullet hits the endoplasm but does no damage.
You sense an unholy aura.
a - a +0 dagger of draining (weapon)
{short} The endoplasm freezes you.
You are frozen.
You hit the endoplasm but do no damage. You block the endoplasm's attack.
You hit the endoplasm but do no damage. You drain the endoplasm.
The endoplasm jiggles.
The endoplasm freezes you.
You are frozen.
You are too injured to fight recklessly!
You are too injured to fight recklessly!
You are too injured to fight recklessly!
You are too injured to fight recklessly!
Okay, then.
Unknown command.
Adjust (i)tems, (s)pells, or (a)bilities?
q - a +0 rapier {short} Adjust to which letter? (? for menu, Esc to quit)
a - a +0 rapier {short}
q - a +0 dagger of draining (weapon)
{short}
a - a +0 rapier (weapon)
{short} You are too injured to fight recklessly!
You are too injured to fight recklessly!
You are too injured to fight recklessly!
You puncture the endoplasm!
You kill the endoplasm!
Your Shields skill increases to level 3!
b - a +0 sling (weapon)
You now have 78 gold pieces (gained 10).
You open the door.
A hobgoblin comes into view.
It is wielding the +4 trident "Aserepong" {freeze, rPois}.
Danger!
You shoot a sling bullet.
The sling bullet closely misses the hobgoblin.
The hobgoblin shouts!
You shoot a sling bullet. The sling bullet hits the hobgoblin.
You shoot a sling bullet.
The sling bullet barely misses the hobgoblin.
You shoot a sling bullet. The sling bullet hits the hobgoblin.
The hobgoblin hits you from afar with the +4 trident "Aserepong" {freeze, rPois}.
The hobgoblin freezes you.
a - a +0 rapier (weapon)
{short} You block the hobgoblin's attack.
The hobgoblin hits you with the +4 trident "Aserepong" {freeze, rPois}!
Ouch! That really hurt!
* * * LOW HITPOINT WARNING * * *
The hobgoblin freezes you.
You die...

Skill      XL: |  1  2  3 |
---------------+----------+-----
Short Blades   | 2 |  2.3
Stealth        | 1 |  1.1
Shields        | 3 |  3.0
Fighting       | |  2.8
Throwing       | |  0.3
Armour         | |  2.5
Dodging        | |  0.8

Action                   || total
-------------------------++-------
Melee: Rapier            ||    46
       Bite              ||    16
       Dagger            ||    31
 Fire: Sling             ||    36
Armor: Scale mail        ||    34
Dodge: Dodged            ||    25
Block: Buckler           ||    15

Levels and vault maps discovered:
D:1:      amcnicky_arrival_underground_garden, layout_basic,
          shapermc_ecumenical_altar_venn
D:2:      layout_basic, st_stairs_12, solitary_fountain,
          kennysheep_generic_room_11

Notes
Turn   | Place    | Note
-------+----------+-------------------------------------------
     0 | D:1      | Sobieck the Vine Stalker Fighter began the quest for the
                  | Orb.
     0 | D:1      | Reached XP level 1. HP: 11/11 MP: 2/2
   417 | D:1      | Reached skill level 2 in Short Blades
   417 | D:1      | Reached XP level 2. HP: 16/16 MP: 3/3
   670 | D:1      | Found a faded altar of an unknown god.
  1074 | D:1      | Reached XP level 3. HP: 17/19 MP: 4/4
  1486 | D:2      | Reached skill level 1 in Stealth
  1968 | D:2      | Reached skill level 3 in Shields
  2123 | D:2      | Identified the +4 trident "Aserepong" {freeze, rPois}
  2129 | D:2      | HP: 3/19 [hobgoblin/the +4 trident "Aserepong" {freeze,
                  | rPois} (10)]
  2129 | D:2      | Slain by a hobgoblin

Vanquished Creatures
  A worm (D:2)
  2 ball pythons
  4 bats
  7 endoplasms
  2 giant cockroaches
  5 goblins
  A hobgoblin (D:1)
  2 jackals (D:1)
  5 kobolds
  A quokka (D:1)
  A frilled lizard (D:1)
  2 rats
33 creatures vanquished.

Table legend:
 A = Non-vault XP
 B = Vault XP
 C = Vault XP percentage of total XP
 D = Non-vault monster count
 E = Vault monster count
 F = Vault count percentage of total count
                 A         B        C        D         E       F
            +---------+---------+-------+---------+---------+-------
      Total |      60 |       1 |   1.6 |      32 |       1 |   3.0
            +---------+---------+-------+---------+---------+-------
        D:1 |      41 |       0 |   0.0 |      23 |       0 |   0.0
        D:2 |      19 |       1 |   5.0 |       9 |       1 |  10.0
            +---------+---------+-------+---------+---------+-------

Illustrated notes

Table legend:
 A = Kills in this place as a percentage of kills in entire the game.
 B = Kills by you in this place as a percentage of kills by you in the entire game.
 C = Kills by friends in this place as a percentage of kills by friends in the entire game.
 D = Other kills in this place as a percentage of other kills in the entire game.
 E = Experience gained in this place as a percentage of experience gained in the entire game.
 F = Experience gained in this place divided by the number of levels of this place that you have seen.
                   A       B       C       D       E      F
               +-------+-------+-------+-------+-------+----------------------
         Total | 100.0 | 100.0 |   N/A |   N/A | 100.0 |  30.5
       Dungeon | 100.0 | 100.0 |   N/A |   N/A | 100.0 |  30.5
               +-------+-------+-------+-------+-------+----------------------

Table legend: (Time is in decaauts)
 A = Elapsed time spent in this place.
 B = Non-inter-level travel time spent in this place.
 C = Inter-level travel time spent in this place.
 D = Time resting spent in this place.
 E = Time spent auto-exploring this place.
 F = Levels seen in this place.
 G = Mean time per level.
                   A        B        C        D        E       F      G
               +--------+--------+--------+--------+--------+-----+--------+
         Total |   2138 |   2116 |     22 |    328 |   1550 |   2 | 1069.0 |
       Dungeon |   2138 |   2116 |     22 |    328 |   1550 |   2 | 1069.0 |
               +--------+--------+--------+--------+--------+-----+--------+

Top non-repeatable levels by time:
     D:1: 1401 daAuts
     D:2: 736 daAuts
